 Dungeon Crawl Stone Soup version 0.27-a0-1202-ge72e49191c (webtiles) character file.

Game seed: 1716543102188106277

668 robertstho the Firebug (level 7, -2/60 HPs)
             Began as a Naga Fire Elementalist on June 4, 2021.
             Succumbed to a killer bee's poison
             ... on level 7 of the Dungeon.
             The game lasted 00:08:02 (4219 turns).

robertstho the Firebug (Naga Fire Elementalist)     Turns: 4219, Time: 00:08:03

Health: -2/60      AC:  3    Str: 10    XL:     7   Next: 58%
Magic:  10/13      EV: 10    Int: 18    God:
Gold:   161        SH:  0    Dex: 13    Spells: 6/14 levels left

rFire    . . .     SeeInvis +   p - +2 dagger (venom)
rCold    . . .     Faith    .   (no shield)
rNeg     . . .     Spirit   .   a - +0 robe
rPois    +         Reflect  .   (no helmet)
rElec    .         Harm     .   (no cloak)
rCorr    .         Rampage  .   (no gloves)
Will     .....                  (no barding)
Stlth    +++.......             (no amulet)
HPRegen  0.20/turn              (no ring)
MPRegen  0.13/turn              (no ring)

@: lethally poisoned (-2 -> -18), about to teleport, hasted, quick
A: AC +2, large, see invisible, deformed body, poison resistance, slowness 2,
spit poison 1, naga tail 1, agile 1, mutation resistance 1
a: Spit Poison


You were on level 7 of the Dungeon.
You visited 2 branches of the dungeon, and saw 8 of its levels.

You collected 161 gold pieces.

Inventory:

Hand Weapons
 e - a +0 dagger
 k - a +0 long sword
 p - a +2 dagger of venom (weapon)
Missiles
 i - 6 boomerangs
Armour
 a - a +0 robe (worn)
 r - a +0 kite shield
Magical Staves
 h - a staff of cold
Wands
 j - a wand of charming (10)
 q - a wand of polymorph (8)
Scrolls
 d - a scroll of teleportation
 n - a scroll of blinking {unknown}
 o - a scroll of enchant armour {unknown}
Potions
 b - 3 potions of flight
 c - a potion of lignification {unknown}
 f - a potion of ambrosia {unknown}
 g - a potion of mutation
 l - a potion of might {unknown}
 m - a potion of haste


   Skills:
 + Level 2.1 Fighting
 + Level 0.2(0.9) Short Blades
 + Level 1.2(1.3) Long Blades
 + Level 2.3 Dodging
 + Level 4.5 Stealth
 + Level 4.2 Spellcasting
 + Level 3.1 Conjurations
 + Level 5.1 Fire Magic


You had 6 spell levels left.
You knew the following spells:

 Your Spells              Type           Power      Damage    Failure   Level
a - Foxfire               Conj/Fire      72%        2x1d7     2%          1
b - Conjure Flame         Conj/Fire      18%        6-21      8%          3
c - Sticky Flame          Conj/Fire      18%        2d4       26%         4

Your spell library contained the following spells:

 Spells                   Type           Power      Damage    Failure   Level
 Animate Skeleton         Necr           6%         N/A       14%         1
 Freeze                   Ice            12%        1d4       14%         1
 Pain                     Necr           12%        1d4       14%         1
 Inner Flame              Hex/Fire       13%        N/A       16%         3
 Frozen Ramparts          Ice            6%         1d2       41%         3
 Ozocubu's Armour         Ice            3%         N/A       41%         3
 Vampiric Draining        Necr           1%         2d6       41%         3
 Hailstorm                Conj/Ice       9%         3d4       58%         4
 Fireball                 Conj/Fire      9%         3d6       58%         5
 Animate Dead             Necr           1%         N/A       82%         4
 Agony                    Necr           3%         N/A       99%         5
 Metabolic Englaciation   Hex/Ice        1%         N/A       99%         5


Dungeon Overview and Level Annotations

Branches:
Dungeon (6/15)             Temple (1/1) D:4

Altars:
Ashenzari
Dithmenos
Fedhas
Gozag
Hepliaklqana
Kikubaaqudgha
Makhleb
Nemelex Xobeh
Okawaru
Qazlal
Vehumet
Wu Jian
Zin

Annotations:
D:4 Sigmund
D:5 Edmund


Innate Abilities, Weirdness & Mutations

Your serpentine skin is tough. (AC +2)
You have supernaturally acute eyesight. (SInv)
Armour fits poorly on your strangely shaped body.
Your system is resistant to poisons. (rPois)
You cover ground very slowly.
You can spit poison.
You have a snake-like lower body.
You are agile. (Dex +2)
You are somewhat resistant to further mutation.


Message History

Press: ? - help, Q - select action, (/) - cycle Dir - look around, f - activate You conjure some foxfire!
The foxfire hits the killer bee.
The killer bee is almost dead.
A killer bee comes into view.
The foxfire hits the killer bee.
The killer bee is lightly wounded.
The killer bee stings you. x2
A killer bee comes into view.
The killer bee stings you!
The foxfire hits the killer bee.
The killer bee is severely wounded.
The killer bee stings you. x3; The killer bee barely misses you.
The killer bee closely misses you.
Unknown command.
As you read the scroll of teleportation, it crumbles to dust.
You feel strangely unstable. The killer bee closely misses you.
The killer bee stings you.
You are poisoned.
The killer bee poisons you! The killer bee stings you.
The killer bee stings you but does no damage.
The killer bee barely misses you. The killer bee closely misses you.
The killer bee misses you.
It was a potion of mutation.
You feel extremely strange.
You feel genetically stable.
You feel agile.
You feel very sick. The killer bee misses you.
The killer bee stings you but does no damage.
The killer bee stings you.
* * * LOW HITPOINT WARNING * * *
The killer bee closely misses you.
The killer bee stings you but does no damage.
The killer bee barely misses you. The killer bee stings you!
* * * LOW HITPOINT WARNING * * *
The killer bee stings you!
* * * LOW HITPOINT WARNING * * *
You are more poisoned.
The killer bee poisons you!
It was a potion of haste.
You feel yourself speed up.
You die...

#####
##y@.####.
#.yyy.....#
#.........#
.....y.#####
###....##
#.#### #.#
#.# #.#


You could see 5 killer bees.

Vanquished Creatures
  An ice beast (D:6)
  A necrophage (D:5)
  An ogre (D:5)
  3 scorpions
  A hound (D:5)
  A centaur skeleton (D:5)
  An iguana (D:6)
  2 hound skeletons (D:5)
  A howler monkey zombie (D:6)
  5 adders
  A white imp (D:6)
  2 ufetubi (D:5)
  A worm (D:2)
  A dart slug (D:2)
  5 orcs
  2 ball pythons
  4 endoplasms
  4 giant cockroaches
  A goblin (D:1)
  7 hobgoblins
  A quokka (D:1)
  6 bats
  3 frilled lizards
  A kobold (D:1)
  3 rats
59 creatures vanquished.

Vanquished Creatures (others)
  163 foxfires
163 creatures vanquished.

Grand Total: 222 creatures vanquished

Notes
Turn   | Place    | Note
-------+----------+-------------------------------------------
     0 | D:1      | robertstho the Naga Fire Elementalist began the quest for
                  | the Orb.
     0 | D:1      | Reached XP level 1. HP: 15/15 MP: 3/3
   154 | D:1      | Reached XP level 2. HP: 22/22 MP: 3/5
   961 | D:2      | Reached XP level 3. HP: 22/28 MP: 3/6
  1736 | D:3      | Found an iron altar of Okawaru.
  1838 | D:3      | Reached XP level 4. HP: 33/36 MP: 0/8
  1945 | D:3      | You fall into a shaft and drop 3 floors!
  1946 | D:6      | Noticed an ice beast
  1951 | D:6      | Reached skill level 4 in Fire Magic
  1989 | D:6      | Killed an ice beast
  1990 | D:6      | Reached XP level 5. HP: 14/43 MP: 0/9
  2262 | D:6      | Learned a level 3 spell: Conjure Flame
  2267 | D:6      | Learned a level 4 spell: Sticky Flame
  2366 | D:6      | Found a sparkling altar of Nemelex Xobeh.
  2405 | D:5      | Entered Level 5 of the Dungeon
  2411 | D:5      | Reached XP level 6. HP: 50/50 MP: 5/11
  2595 | D:4      | Found a staircase to the Ecumenical Temple.
  2602 | Temple   | Entered the Ecumenical Temple
  2865 | D:4      | Reached skill level 1 in Fighting
  2923 | D:4      | Noticed Sigmund
  3298 | D:5      | Reached skill level 1 in Long Blades
  3462 | D:5      | Noticed a necrophage
  3480 | D:5      | Killed a necrophage
  3481 | D:5      | Reached XP level 7. HP: 16/52 MP: 8/12
  3871 | D:5      | Reached skill level 5 in Fire Magic
  3908 | D:5      | Found an ornate altar of the Wu Jian Council.
  3963 | D:5      | Noticed Edmund
  4146 | D:4      | Found a broken altar of Ashenzari.
  4210 | D:4      | You fall into a shaft and drop 3 floors!
  4218 | D:7      | Gained mutation: You are somewhat resistant to further
                  | mutation. [potion of mutation]
  4218 | D:7      | Gained mutation: You are agile. (Dex +2) [potion of
                  | mutation]
  4218 | D:7      | HP: 1/60 [killer bee (7)]
  4219 | D:7      | Succumbed to a killer bee's poison

Illustrated notes

Levels and vault maps discovered:
D:1:      amcnicky_arrival_double_pillar, layout_basic
D:2:      layout_basic
D:3:      layout_rooms, nicolae_ru_great_annihilating_truth, xom_teletrap_fun,
          okawaru_metal_pillars_1_2, serial_shops, shop, uniq_grinder
D:4:      layout_loops_cross, cheibrodos_ashenzari_chains,
          minmay_temple_entry_fiery, uniq_sigmund
D:5:      layout_loops_corners, old_standard_altar, lemuel_tele_altar,
          uniq_edmund
D:6:      layout_gridville, trog_hazing_becter,
          nemelex_xobeh_ov_fountains_minmay
D:7:      layout_loops_ring, kennysheep_orc_sif_temple
Temple:   jpeg_temple_island

Skill      XL: |  1  2  3  4  5  6  7 |
---------------+----------------------+-----
Stealth        | 4 |  4.5
Fire Magic     | 4 5 |  5.1
Spellcasting   | 3 4 |  4.2
Conjurations   | 2 3 |  3.1
Fighting       | 1 2 |  2.1
Dodging        | 2 |  2.3
Long Blades    | 1 |  1.2
Short Blades   | |  0.2

Action                   |  1- 3 |  4- 6 |  7- 9 || total
-------------------------+-------+-------+-------++-------
Melee: Dagger            |     1 |    20 |     1 ||    22
       Long sword        |     1 |     4 |       ||     5
 Cast: Foxfire           |    41 |    36 |    23 ||   100
 Abil: Spit Poison       |    23 |    11 |     3 ||    37
  Use: Scroll            |     5 |     1 |     1 ||     7
       Potion            |       |     2 |     2 ||     4
Armor: Robe              |       |     7 |     4 ||    11
Dodge: Dodged            |     6 |    20 |    11 ||    37
       Rpst.: Long sword |     2 |     1 |       ||     3

Table legend: (Time is in decaauts)
 A = Elapsed time spent in this place.
 B = Non-inter-level travel time spent in this place.
 C = Inter-level travel time spent in this place.
 D = Time resting spent in this place.
 E = Time spent auto-exploring this place.
 F = Levels seen in this place.
 G = Mean time per level.
                   A        B        C        D        E       F      G
               +--------+--------+--------+--------+--------+-----+--------+
         Total |   5268 |   5126 |    142 |    448 |   4081 |   8 |  658.5 |
       Dungeon |   4922 |   4793 |    129 |    448 |   3759 |   7 |  703.1 |
        Temple |    346 |    333 |     13 |      0 |    321 |   1 |  346.0 |
               +--------+--------+--------+--------+--------+-----+--------+

Top non-repeatable levels by time:
     D:5: 1439 daAuts
     D:2: 1249 daAuts
     D:1: 986 daAuts
     D:6: 523 daAuts
     D:4: 473 daAuts
  Temple: 346 daAuts
     D:3: 239 daAuts
     D:7: 9 daAuts
